 Dungeon Crawl Stone Soup version 0.30-a0-43-gbbf338a72c (webtiles) character file.

Game seed: 15554648930326317513

24899 Pooter the Severer (level 12, -10/160 HPs)
             Began as a Minotaur Fighter on Aug 30, 2022.
             Was an Elder of Okawaru.
             Engulfed by a cloud of flame (15 damage)
             ... on level 1 of the Orcish Mines on Sept 1, 2022.
             The game lasted 01:12:09 (15406 turns).

Pooter the Severer (Minotaur Fighter)              Turns: 15406, Time: 01:12:09

Health: -10/160    AC: 16    Str: 26    XL:     12   Next: 84%
Magic:  14/14      EV:  7    Int:  5    God:    Okawaru [****..]
Gold:   500        SH:  0    Dex: 16    Spells: 11/11 levels left

rFire   . . .      SeeInvis .    a - +10 executioner's axe
rCold   . . .      Faith    .    (shield currently unavailable)
rNeg    . . .      Spirit   .    D - +1 plate armour
rPois   +          Reflect  .    (helmet restricted)
rElec   .          Harm     .    v - +0 cloak
rCorr   .          Rampage  .    d - +0 pair of gloves
Will    .....                    m - +0 pair of boots
Stlth   ..........               (no amulet)
HPRegen 0.36/turn                p - +6 ring of dexterity
MPRegen 0.14/turn                P - ring of poison resistance

@: berserking, very quick
A: horns 2, retaliatory headbutt
a: Renounce Religion, Heroism, Finesse


You were on level 1 of the Orcish Mines.
You worshipped Okawaru.
Okawaru was greatly pleased with you.
You visited 3 branches of the dungeon, and saw 13 of its levels.
You also visited: Bailey.

You collected 1243 gold pieces.
You spent 743 gold pieces at shops.

Inventory:

Hand Weapons
 a - a +10 executioner's axe (weapon)
   (You took it off an orc warlord in a bailey)
 b - a +4 shortbow
   (You found it on level 8 of the Dungeon)
 z - a +2 war axe
 B - a +6 broad axe of flaming
   (You took it off Maggie on level 6 of the Dungeon)
 E - the +9 whip of Moral Flaws {freeze, rF+}
   (You found it on level 7 of the Dungeon)

   It freezes those it strikes, dealing additional cold damage.
   It can also slow down cold-blooded creatures.
   rF:        It protects you from fire.
 K - the +8 hand axe of Generosity {holy, rElec rN+ Str+2 Stlth-}
   (You found it on level 6 of the Dungeon)

   It has been blessed by the Shining One to cause great damage to the undead
   and demons.
   Str:       It affects your strength (+2).
   rElec:     It insulates you from electricity.
   rN:        It protects you from negative energy.
   Stlth:     It makes you less stealthy.
 L - a +0 sling
   (You found it on level 1 of the Dungeon)
Missiles
 g - 35 boomerangs (quivered)
 h - a throwing net {!f}
 o - 5 curare-tipped darts
 y - 26 poisoned darts
 J - 6 atropa-tipped darts
 Q - 99 stones
Armour
 c - a +0 buckler
 d - a +0 pair of gloves (worn)
   (You found it on level 2 of the Dungeon)
 m - a +0 pair of boots (worn)
   (You found it on level 2 of the Dungeon)
 v - a +0 cloak (worn)
   (You found it on level 4 of the Dungeon)
 A - +0 steam dragon scales
   (You took it off Maggie on level 6 of the Dungeon)
 D - a +1 plate armour (worn)
   (You took it off an orc warrior on level 6 of the Dungeon)
Jewellery
 n - a ring of ice
   (You found it on level 9 of the Dungeon)
 p - a +6 ring of dexterity (left hand)
   (You found it on level 3 of the Dungeon)
 P - a ring of poison resistance (right hand)
   (You found it on level 7 of the Dungeon)
Wands
 f - a wand of flame (2)
   (You took it off Sonja on level 1 of the Orcish Mines)
 s - a wand of roots (6)
   (You found it on level 4 of the Dungeon)
 u - a wand of paralysis (5)
   (You found it on level 8 of the Dungeon)
Scrolls
 q - 3 scrolls of blinking
 t - 3 scrolls of teleportation {@r4}
 x - 2 scrolls of magic mapping
Potions
 e - a potion of resistance {unknown}
 i - a potion of berserk rage
 j - 3 potions of attraction {!q}
 k - 2 potions of heal wounds {unknown}
 r - a potion of ambrosia {unknown}
 w - a potion of cancellation {unknown}
 C - a potion of degeneration {unknown}
 F - a potion of flight {unknown}
 G - 2 potions of invisibility {unknown}
 H - a potion of magic {unknown}
 I - 2 potions of mutation {unknown}
 N - 3 potions of curing {@q1}
 O - a potion of haste {@q3}


   Skills:
 + Level 10.4 Fighting
 * Level 15.6 Axes
 * Level 12.1 Ranged Weapons
 - Level 3.6 Armour
 - Level 3.6 Shields
 + Level 4.8 Invocations
 + Level 6.6 Evocations


You had 11 spell levels left.
You didn't know any spells.
Your spell library contained the following spells:

 Spells                   Type           Power      Damage    Failure   Level
 Magic Dart               Conj           0%         1d3       100%        1
 Sandblast                Erth           0%         2d4       100%        1
 Shock                    Conj/Air       0%         1d3       100%        1
 Blink                    Tloc           0%         N/A       100%        2
 Passwall                 Tmut/Erth      0%         N/A       100%        2
 Searing Ray              Conj           0%         2d4       100%        2
 Sublimation of Blood     Necr           0%         N/A       100%        2
 Lesser Beckoning         Tloc           0%         N/A       100%        3
 Stone Arrow              Conj/Erth      0%         3d7       100%        3
 Swiftness                Air            0%         N/A       100%        3
 Airstrike                Air            0%         2d(0-16)  100%        4
 Fulminant Prism          Conj/Hex       0%         3d6       100%        4
 Petrify                  Tmut/Erth      0%         N/A       100%        4
 Irradiate                Conj/Tmut      0%         3d11      100%        5
 Manifold Assault         Tloc           0%         N/A       100%        5
 Storm Form               Tmut/Air       0%         N/A       100%        7


Dungeon Overview and Level Annotations

Branches:
Dungeon (10/15)            Temple (1/1) D:7             Orc (2/2) D:10
 Bailey (visited)
   Lair: D:8-11         Elf: Orc:2

Altars:
Ashenzari
Cheibriados
Dithmenos
Elyvilon
Gozag
Hepliaklqana
Kikubaaqudgha
Makhleb
Okawaru
Qazlal
Ru
Sif Muna
Trog
Uskayaw
Wu Jian
Xom
Yredelemnul
Zin
The Shining One

Shops:
D:1 :   D:2 (   D:5 [   D:6 ?   Orc:1 (   Orc:2 !


Innate Abilities, Weirdness & Mutations

You have a pair of horns on your head.
You reflexively headbutt those who attack you in melee.


Message History

The ogre explodes!
The fiery explosion engulfs you!
The fiery explosion engulfs the troll!
Flame seeps out of the troll.
The troll is engulfed in blazing flames.
Okawaru accepts your kill.
The troll leather armour is intact enough to wear.
The troll explodes!
The fiery explosion engulfs you!!
* * * LOW HITPOINT WARNING * * *
The fiery explosion engulfs something!
Flame seeps out of something.
The fiery explosion engulfs the orc!
The fiery explosion engulfs the orc warrior!!
Flame seeps out of the orc warrior.
The orc explodes!
The fiery explosion engulfs you!!
* * * LOW HITPOINT WARNING * * *
The fiery explosion engulfs the orc warrior!!
Okawaru accepts your kill.
The fiery explosion engulfs something!!!
Okawaru accepts your kill.
Reactivating autopickup.
You feel a bit more experienced.
The orc wizard explodes!
The fiery explosion engulfs the orc!!!
The orc explodes!
The fiery explosion engulfs the orc!!!
The orc explodes!
The fiery explosion engulfs the orc priest!!!
You kill the orc priest!
Okawaru accepts your kill.
The orc warrior explodes!
The orc warrior shouts!
You hear a shout!
Unknown command.
A red film seems to cover your vision as you go berserk!
You feel yourself moving faster!
You feel mighty!
You are engulfed in blazing flames.
* * * LOW HITPOINT WARNING * * *
You hear a shout!
An orc comes into view. It is wielding a +0 hand axe.
An orc comes into view. It is wielding a +0 whip.
The orc warrior throws a boomerang.
The boomerang hits you.
* * * LOW HITPOINT WARNING * * *
An orc priest comes into view. It is wielding a +0 club.
You feel a strong urge to attack something.
You are engulfed in blazing flames.
The orc warrior hits you with a +0 short sword!
* * * LOW HITPOINT WARNING * * *
You see here a +0 giant club.
You slash the orc warrior!
You are engulfed in blazing flames.
You die...

.......
.......
.......
.....#.
.......
.......
##oo.....
##@§§§§oo.
#§[§§§§o..
##§§§§§§...
#.§§§..#...
##...^......
#.....#.....
##...#......
...#.......
...........


You could see 2 orc warriors, an orc priest and 2 orcs.

Vanquished Creatures
  An orc warlord (Bailey)
  Snorg (Orc:1)
  An ettin (Orc:2)
  Erolcha (Orc:1)
  2 two-headed ogres
  Sonja (Orc:1)
  An orc knight (Bailey)
  A manticore (D:6)
  Maggie (D:6)
  2 trolls
  Prince Ribbit (D:6)
  7 yaks (D:10)
  4 wyverns
  Sigmund (D:2)
  2 wargs
  An acid dragon (D:10)
  4 water moccasins
  Duvessa (D:7)
  3 sky beasts (D:7)
  A black bear (D:5)
  15 orc warriors
  2 ice beasts
  7 ogres
  2 centaurs
  A phantom (D:4)
  4 kobold brigands
  A bullfrog (D:7)
  3 necrophages
  A gnoll sergeant (D:9)
  6 wights (D:8)
  Dowan (D:7)
  16 killer bees
  A howler monkey (D:4)
  The ghost of gregwegmann the Conjurer, a weakling DECj (D:3)
  6 hounds
  12 orc priests
  5 jellies
  A gnoll bouda (D:4)
  2 iguanas
  15 orc wizards
  Robin (D:2)
  13 gnolls
  3 adders
  2 white imps
  2 ufetubi
  2 worms
  3 dart slugs
  68 orcs
  5 endoplasms
  5 giant cockroaches
  21 goblins
  11 hobgoblins
  4 jackals (D:1)
  4 quokkas
  11 ball pythons
  7 bats
  6 frilled lizards
  39 kobolds
  3 rats
349 creatures vanquished.

Vanquished Creatures (others)
  An adder (D:3)
1 creature vanquished.

Grand Total: 350 creatures vanquished

Notes
Turn   | Place    | Note
-------+----------+-------------------------------------------
     0 | D:1      | Pooter the Minotaur Fighter began the quest for the Orb.
     0 | D:1      | Reached XP level 1. HP: 19/19 MP: 0/0
   131 | D:1      | Reached skill level 3 in Axes
   190 | D:1      | Reached XP level 2. HP: 24/27 MP: 1/1
   443 | D:1      | Found Ichidghir's Book Shoppe.
   446 | D:1      | Reached XP level 3. HP: 33/33 MP: 2/2
   847 | D:1      | Found a faded altar of an unknown god.
  1030 | D:2      | Found a hazy altar of Hepliaklqana.
  1071 | D:2      | Found Mathroqo's Weapon Shop.
  1087 | D:2      | Reached skill level 4 in Axes
  1087 | D:2      | Reached skill level 1 in Ranged Weapons
  1091 | D:2      | Reached XP level 4. HP: 21/41 MP: 3/3
  1272 | D:2      | Noticed Sigmund
  1307 | D:2      | Killed Sigmund
  1308 | D:2      | Reached skill level 5 in Axes
  1308 | D:2      | Reached XP level 5. HP: 32/47 MP: 4/4
  2030 | D:2      | Noticed Robin
  2041 | D:2      | Killed Robin
  2042 | D:2      | Reached skill level 5 in Fighting
  2388 | D:3      | Noticed gregwegmann's ghost (weakling DECj)
  2392 | D:3      | Found a runed translucent door.
  2405 | D:3      | Killed gregwegmann's ghost
  2406 | D:3      | Reached XP level 6. HP: 55/56 MP: 5/5
  3726 | D:4      | Reached skill level 6 in Axes
  3810 | D:4      | Found a white marble altar of Elyvilon.
  3949 | D:4      | Reached XP level 7. HP: 50/61 MP: 6/6
  4148 | D:4      | Reached skill level 1 in Evocations
  4414 | D:4      | Noticed a wyvern
  4763 | D:4      | Reached skill level 5 in Ranged Weapons
  4872 | D:5      | Entered Level 5 of the Dungeon
  4877 | D:5      | Reached skill level 7 in Axes
  4992 | D:5      | Identified the +5 whip "Ziesezof" {vorpal, Contam Fly Will-
                  | MP+9}
  5079 | D:5      | Found Qeapner's Armour Boutique.
  5363 | D:5      | Reached XP level 8. HP: 70/70 MP: 7/7
  5800 | D:5      | Reached skill level 8 in Axes
  6407 | D:6      | Noticed Maggie
  6408 | D:6      | Paralysed by Maggie for 5 turns
  6414 | D:6      | Paralysed by Maggie for 2 turns
  6423 | D:6      | Paralysed by Maggie for 2 turns
  6425 | D:6      | Killed Maggie
  6429 | D:6      | Reached skill level 9 in Axes
  6653 | D:6      | Found a glowing silver altar of Zin.
  6689 | D:6      | Found a shadowy altar of Dithmenos.
  6802 | D:6      | Reached XP level 9. HP: 60/79 MP: 8/8
  6941 | D:6      | Found a bloodstained altar of Trog.
  6941 | D:6      | Found a sacrificial altar of Ru.
  7247 | D:6      | Noticed a manticore
  7826 | D:6      | Killed a manticore
  7841 | D:6      | Identified the +8 hand axe of Generosity {holy, rElec rN+
                  | Str+2 Stlth-}
  8395 | D:6      | Found Wucydi Haxu's Magic Scroll Shoppe.
  8403 | D:6      | Bought a scroll of identify for 22 gold pieces
  8403 | D:6      | Bought a scroll of identify for 22 gold pieces
  8403 | D:6      | Bought a scroll of enchant weapon for 82 gold pieces
  8415 | D:6      | Noticed Prince Ribbit
  8424 | D:6      | Killed Prince Ribbit
  8425 | D:6      | Reached skill level 10 in Axes
  8683 | D:7      | Noticed Duvessa
  8683 | D:7      | Noticed Dowan
  8910 | D:7      | Killed Duvessa
  8913 | D:7      | Killed Dowan
  8992 | D:7      | Identified the +9 whip of Moral Flaws {freeze, rF+}
  9674 | D:7      | Reached XP level 10. HP: 67/88 MP: 9/9
  9801 | D:7      | Identified the +5 quarterstaff "Pifamm" {distort, rPois rC+
                  | Dex+4}
  9858 | D:7      | Found a staircase to the Ecumenical Temple.
  9876 | Temple   | Entered the Ecumenical Temple
  9883 | Temple   | Became a worshipper of Warmaster Okawaru
 10207 | D:7      | Noticed a two-headed ogre
 10217 | D:7      | Killed a two-headed ogre
 10218 | D:7      | Reached skill level 11 in Axes
 10636 | D:7      | Reached * piety under Okawaru
 10891 | D:6      | Bought 3 scrolls of enchant weapon for 247 gold pieces
 10891 | D:6      | Bought a scroll of blinking for 82 gold pieces
 11107 | D:8      | Found a glowing golden altar of the Shining One.
 11224 | D:8      | Reached skill level 5 in Evocations
 11525 | D:8      | Found an opulent altar of Gozag.
 11584 | D:8      | Noticed a two-headed ogre
 11589 | D:8      | Killed a two-headed ogre
 11590 | D:8      | Reached skill level 10 in Ranged Weapons
 11690 | D:8      | Found a snail-covered altar of Cheibriados.
 11692 | D:8      | Found a basalt altar of Yredelemnul.
 11693 | D:8      | Found an ancient bone altar of Kikubaaqudgha.
 12351 | D:9      | Reached ** piety under Okawaru
 12353 | D:9      | Reached skill level 12 in Axes
 12924 | D:10     | Entered Level 10 of the Dungeon
 12989 | D:10     | Reached XP level 11. HP: 65/97 MP: 10/10
 13027 | D:10     | Found a flagged portal.
 13120 | Bailey   | Entered a bailey
 13139 | Bailey   | Noticed an orc warlord
 13190 | Bailey   | Noticed an orc knight
 13225 | Bailey   | Killed an orc knight
 13226 | Bailey   | Found a runed translucent gate.
 13226 | Bailey   | Found a runed translucent gate.
 13226 | Bailey   | Found a runed translucent gate.
 13404 | Bailey   | Killed an orc warlord
 13404 | Bailey   | Reached *** piety under Okawaru
 13416 | Bailey   | Identified the +8 quarterstaff of the Sixty-Six Seers
                  | {vorpal, Str+4}
 13426 | Bailey   | Upgraded the game from 0.30-a0-42-g806c11bf1d to
                  | 0.30-a0-43-gbbf338a72c
 13945 | D:10     | Found a staircase to the Orcish Mines.
 13950 | Orc:1    | Entered Level 1 of the Orcish Mines
 13950 | Orc:1    | Noticed Sonja
 13953 | Orc:1    | Killed Sonja
 13960 | Orc:1    | Reached skill level 13 in Axes
 14033 | Orc:1    | Noticed Erolcha
 14040 | Orc:1    | Killed Erolcha
 14040 | Orc:1    | Reached **** piety under Okawaru
 14048 | Orc:1    | Reached skill level 10 in Fighting
 14048 | Orc:1    | Noticed Snorg
 14053 | Orc:1    | Killed Snorg
 14387 | Orc:1    | Found Qisuapon's Weapon Shoppe.
 14492 | Orc:2    | Entered Level 2 of the Orcish Mines
 14492 | Orc:2    | Found Cesitazio's Distillery.
 14501 | Orc:2    | Bought a potion of curing for 36 gold pieces
 14501 | Orc:2    | Bought a potion of berserk rage for 60 gold pieces
 14501 | Orc:2    | Bought a potion of haste for 120 gold pieces
 14501 | Orc:2    | Bought a potion of curing for 36 gold pieces
 14501 | Orc:2    | Bought a potion of curing for 36 gold pieces
 14501 | Orc:2    | Reached skill level 15 in Axes
 14501 | Orc:2    | Reached XP level 12. HP: 87/106 MP: 10/14
 14938 | Orc:2    | Noticed an ettin
 14946 | Orc:2    | Killed an ettin
 15161 | Orc:2    | Noticed an orc warlord
 15405 | Orc:1    | HP: 5/160 [orc warrior/+0 short sword (7)]
 15406 | Orc:1    | Engulfed by a cloud of flame

Illustrated notes

Levels and vault maps discovered:
D:1:      dpeg_arrival_houses_and_road, layout_basic,
          shapermc_ecumenical_altar_mp_vishouse, serial_shops, shop
D:2:      minmay_wonky_spiral, layout_loops_corners, basic_altar, serial_shops,
          nicolae_shop_hallway_stairs, uniq_sigmund, uniq_robin
D:3:      layout_loops_ring, hellmonk_ghost_happy_afterlife, lemuel_flame_loot_1
D:4:      layout_basic, nicolae_elyvilon_peaceful_grove, st_stairs_7,
          minmay_divided_ellipse
D:5:      layout_layer_cave, serial_shops, shop
D:6:      layout_basic, mainiacjoe_overflow_divided_tiny,
          mainiacjoe_overflow_catch_the_wave, serial_shops, shop,
          uniq_prince_ribbit1, uniq_maggie
D:7:      layout_cave_pods, minmay_temple_entry_proselytizer, uniq_duvessa
D:8:      layout_gridville, mainiacjoe_overflow_alcove_3,
          nicolae_tso_carved_into_rock, st_stairs_1, minmay_tree_intersection
D:9:      layout_cross
D:10:     layout_stronghold, hiddenorc1_lemuel, enter_bailey_6
Temple:   nicolae_temple_ecumenical_triangle
Orc:1:    layout_caves, serial_shops, nicolae_shop_bloodbath_and_beyond,
          uniq_sonja, uniq_snorg, uniq_erolcha
Orc:2:    st_orc_ogre_mass, layout_diamond_mine, basic_altar, serial_shops,
          nicolae_shop_hallway_stairs

Skill      XL: |  1  2  3  4  5  6  7  8  9 10 11 12 |
---------------+-------------------------------------+-----
Axes           | 3 4 5 6 7 9 10 12 15 | 15.6
Fighting       | 4 5 6 7 8 9 10 | 10.4
Ranged Weapons | 1 3 4 5 7 9 10 11 12 | 12.1
Evocations     | 1 3 4 5 6 |  6.6
Invocations    | 4 |  4.8
Armour         | |  3.6
Shields        | |  3.6

Action                   |  1- 3 |  4- 6 |  7- 9 | 10-12 || total
-------------------------+-------+-------+-------+-------++-------
Melee: War axe           |    69 |   121 |   129 |       ||   319
       Headbutt          |    14 |    16 |    42 |    44 ||   116
       Broad axe         |       |       |    80 |   166 ||   246
       Punch             |       |       |       |     1 ||     1
       Executioner's axe |       |       |       |    92 ||    92
 Fire: Sling             |       |    25 |    10 |       ||    35
       Shortbow          |       |       |       |    62 ||    62
Throw: Boomerang         |       |     7 |    15 |    22 ||    44
       Dart              |       |     1 |       |     4 ||     5
Invok: Heroism           |       |       |       |    14 ||    14
Evoke: Wand              |       |     1 |     8 |     3 ||    12
  Use: Scroll            |     2 |     3 |     9 |    15 ||    29
       Potion            |       |     4 |     3 |     5 ||    12
 Stab: Paralysed         |       |       |     2 |     3 ||     5
Armor: Scale mail        |    30 |    74 |       |       ||   104
       Chain mail        |       |       |    97 |       ||    97
       Plate armour      |       |       |    22 |   169 ||   191
Dodge: Dodged            |    39 |    53 |    78 |   122 ||   292
Block: Buckler           |    13 |    24 |    45 |    28 ||   110

Table legend: (Time is in decaauts)
 A = Elapsed time spent in this place.
 B = Non-inter-level travel time spent in this place.
 C = Inter-level travel time spent in this place.
 D = Time resting spent in this place.
 E = Time spent auto-exploring this place.
 F = Levels seen in this place.
 G = Mean time per level.
                   A        B        C        D        E       F      G
               +--------+--------+--------+--------+--------+-----+--------+
         Total |  15474 |  15166 |    308 |   5216 |   7302 |  14 | 1105.3 |
       Dungeon |  13559 |  13267 |    292 |   4418 |   6863 |  10 | 1355.9 |
        Temple |     21 |     21 |      0 |      0 |      0 |   1 |   21.0 |
  Orcish Mines |   1457 |   1441 |     16 |    693 |    322 |   2 |  728.5 |
        Bailey |    436 |    436 |      0 |    105 |    117 |   1 |  436.0 |
               +--------+--------+--------+--------+--------+-----+--------+

Top non-repeatable levels by time:
     D:6: 2478 daAuts
     D:5: 1741 daAuts
     D:4: 1740 daAuts
     D:7: 1635 daAuts
     D:2: 1326 daAuts
     D:1: 1046 daAuts
     D:9: 1036 daAuts
     D:8: 1019 daAuts
     D:3: 971 daAuts
   Orc:1: 772 daAuts
   Orc:2: 684 daAuts
    D:10: 562 daAuts
  Bailey: 436 daAuts
  Temple: 21 daAuts
